 Dungeon Crawl Stone Soup version 0.20.1-1-g8b1a95d (webtiles) character file.

3278 RKaid the Arsonist (level 9, 0/74 HPs)
             Began as a Pale Draconian Fire Elementalist on Aug 2, 2017.
             Was a Believer of Vehumet.
             Slain by a centaur zombie (2 damage)
             ... on level 7 of the Dungeon.
             The game lasted 00:34:03 (8553 turns).

RKaid the Arsonist (DrFE)                           Turns: 8553, Time: 00:34:04

Health: 0/74       AC:  8    Str: 16    XL:     9   Next: 69%
Magic:  18/18      EV: 11    Int: 24    God:    Vehumet [**....]
Gold:   188        SH:  0    Dex:  6    Spells: 7/20 levels left

rFire    . . .     SeeInvis .   a - +3 scimitar "Newtbane" {slice, Str+6 Int+4 Dex-5}
rCold    . . .     Gourm    .   (no shield)
rNeg     . . .     Faith    .   (armour unavailable)
rPois    .         Spirit   .   c - +0 hat
rElec    .         Reflect  .   (no cloak)
rCorr    +         Harm     .   (no gloves)
MR       .....                  k - +0 pair of boots
Stlth    ++........             (no amulet)
Regen    0.3/turn               r - ring of stealth {Stlth+}
MPRegen  0.2/turn               t - ring of resist corrosion

@: no status effects
A: breathe steam, unfitting armour, cold-blooded, AC +7
a: Breathe Steam, Renounce Religion


You were on level 7 of the Dungeon.
You worshipped Vehumet.
Vehumet was pleased with you.
You were not hungry.

You visited 2 branches of the dungeon, and saw 8 of its levels.
You also visited: Sewer and Bailey.

You collected 350 gold pieces.
You spent 162 gold pieces at shops.

Inventory:

Hand Weapons
 a - the +3 scimitar "Newtbane" (weapon) {slice, Str+6 Int+4 Dex-5}
   (You bought it in a shop on level 4 of the Dungeon)

   It inflicts extra damage upon your enemies.
   It affects your strength (+6).
   It affects your intelligence (+4).
   It affects your dexterity (-5).
 b - a +0 blowgun
   (You took it off a kobold on level 3 of the Dungeon)
 y - a +3 mace of protection
   (You found it on level 2 of the Dungeon)
 J - the cursed +14 obsidian axe {chop, +Fly SInv *Curse}
   (You found it on level 7 of the Dungeon)

   It inflicts extra damage upon your enemies.
   It lets you see invisible.
   It lets you fly.
   It curses itself when equipped.
   It has a curse placed upon it.
Missiles
 f - 27 poisoned needles
 g - 7 tomahawks of dispersal {=f}
 n - 33 sling bullets
Armour
 c - a +0 hat (worn)
   (You found it on level 1 of the Dungeon)
 k - a +0 pair of boots (worn)
   (You found it on level 2 of the Dungeon)
Magical Staves
 M - an uncursed staff of fire {unknown}
   (You found it on level 7 of the Dungeon)
Jewellery
 m - an uncursed ring of flight {+Fly}
   (You found it on level 4 of the Dungeon)
 r - a ring of stealth (left hand) {Stlth+}
   (You took it off an orc on level 3 of the Dungeon)
 t - a ring of resist corrosion (right hand)
   (You found it on level 3 of the Dungeon)
 Q - an uncursed ring of ice {unknown}
   (You found it on level 7 of the Dungeon)
Wands
 D - a wand of digging (14/24)
   (You found it on level 5 of the Dungeon)
 H - a wand of confusion (12/48)
   (You found it on level 6 of the Dungeon)
 L - a wand of flame (38/48)
   (You found it on level 7 of the Dungeon)
 R - a wand of disintegration (13/24)
   (You found it on level 7 of the Dungeon)
Scrolls
 o - 2 scrolls of remove curse
 s - a scroll of teleportation
 w - 2 scrolls of random uselessness {unknown}
 F - a scroll of enchant armour {unknown}
 I - a scroll of enchant weapon
 N - a scroll of acquirement {unknown}
Potions
 d - a potion of heal wounds {unknown}
 e - 3 potions of curing
 h - 2 potions of haste
 l - a potion of berserk rage {unknown}
 p - 2 potions of flight {unknown}
 u - a potion of degeneration {unknown}
 z - 2 potions of mutation {unknown}
 C - a potion of agility {unknown}
 E - a potion of lignification {unknown}
 G - a potion of invisibility {unknown}
 K - 2 potions of brilliance {unknown}
Books
 j - a book of Flames
 x - Vehumet's Papyrus of Arcane Weapons
   (You found it on level 4 of the Dungeon)

   Spells                             Type                      Level
   a - Magic Dart                     Conjuration                  1
 A - a book of Changes
   (You found it on level 5 of the Dungeon)
 O - a book of Clouds
   (You found it on level 7 of the Dungeon)
Comestibles
 q - 4 bread rations
 v - 3 meat rations


   Skills:
 + Level 5.2 Fighting
 - Level 1.7 Dodging
 - Level 1.7 Stealth
 - Level 6.0 Spellcasting
 + Level 7.8 Conjurations
 + Level 9.5 Fire Magic


You had 7 spell levels left.
You knew the following spells:

 Your Spells              Type           Power        Failure   Level  Hunger
a - Flame Tongue          Conj/Fire      #####        1%          1    None
b - Sticky Flame          Conj/Fire      #####...     2%          4    ###....
c - Fireball              Conj/Fire      #####.....   6%          5    #####..
C - Conjure Flame         Conj/Fire      #####...     1%          3    #......


Dungeon Overview and Level Annotations

Branches:
Dungeon (7/15)             Temple (1/1) D:5

Altars:
Cheibriados
Dithmenos
Elyvilon
Fedhas
Hepliaklqana
Kikubaaqudgha
Okawaru
Qazlal
Ru
Sif Muna
Trog
Uskayaw
Vehumet
Xom
The Shining One
Lugonu

Shops:
D:4 (   D:5 }}}[   D:6 !

Annotations:
D:6 exclusion: downstairs
D:7 1 runed door, exclusion: Joseph, Joseph


Innate Abilities, Weirdness & Mutations

You can breathe blasts of scalding, opaque steam.
Your pale cyan-grey scales are hard. (AC +7)
You cannot fit into any form of body armour.
You are cold-blooded and may be slowed by cold attacks.


Message History

Confirm with . or Enter, or press ? or * to list all spells.
Aiming: Flame Tongue
Press: ? - help, Shift-Dir - straight line, f/p - orc
Aim: an orc, wielding a hand axe and wearing a leather armour (severely wounded)
The flame tongue hits the orc.
You kill the orc!
Vehumet accepts your kill.
You feel your power returning.
Casting: Flame Tongue
Confirm with . or Enter, or press ? or * to list all spells.
Aiming: Flame Tongue
Press: ? - help, Shift-Dir - straight line, f - goblin
Aim: a goblin, wielding an enchanted hand axe and wearing a leather armour The flame tongue hits the goblin.
You kill the goblin!
Vehumet accepts your kill.
Casting: Flame Tongue
Confirm with . or Enter, or press ? or * to list all spells.
You can't see any susceptible monsters within range! (Use Z to cast anyway.)
There is a gate leading back out of this place here.
Things that are here:
a hand axe; a leather armour You start resting.
Things that are here:
an enchanted hand axe; a leather armour; a goblin corpse Unknown command.
There is an open gate here.
There is a large open door here.
A gnoll comes into view. It is wielding a hand axe.
Marking area around the orc sorcerer as unsafe for travelling.
A goblin, a hobgoblin, an orc high priest and an orc sorcerer come into view.
Found a quarterstaff.
Found an iron altar of Okawaru.
There is a large open door here.
Describe a (M)onster, (S)pell, s(K)ill, (A)bility, (C)ard, (I)tem, (F)eature, (G)od, (B)ranch, c(L)oud or s(T)atus?
Describe a monster; partial names and regexps are fine.
Enter a single letter to list monsters displayed by that symbol.
Describe what?
Describe a (M)onster, (S)pell, s(K)ill, (A)bility, (C)ard, (I)tem, (F)eature, (G)od, (B)ranch, c(L)oud or s(T)atus?
Okay, then.
Describe a (M)onster, (S)pell, s(K)ill, (A)bility, (C)ard, (I)tem, (F)eature, (G)od, (B)ranch, c(L)oud or s(T)atus?
Describe a monster; partial names and regexps are fine.
Enter a single letter to list monsters displayed by that symbol.
Describe what?
Describe a (M)onster, (S)pell, s(K)ill, (A)bility, (C)ard, (I)tem, (F)eature, (G)od, (B)ranch, c(L)oud or s(T)atus?
Okay, then.
Unknown command.
There is an open gate here.
There is an open gate here.
There is an open gate here.
Press: ? - help, . - travel You can't see that place. [the floor.]
You open the large door.
An orc knight comes into view. It is wielding a war axe.
The orc knight moves out of view.
There is a large open door here.
There is a large open door here.
There is an open gate here.
There is a gate leading back out of this place here.
Things that are here:
a hand axe; a leather armour
Okay, then.
Welcome back to the Dungeon!
Level annotation: 1 runed door, exclusion: Joseph, Joseph The two-headed ogre hits you with a giant club!!
The two-headed ogre hits you with a giant spiked club!!
The two-headed ogre misses you.
You riposte.
You hit the two-headed ogre but do no damage.
Your tail-slap misses the two-headed ogre.
The two-headed ogre hits you with a giant spiked club!!
* * * LOW HITPOINT WARNING * * *
There is an empty arch of ancient stone, spattered with blood here.
Unknown command.
Evoke which item? (* to show all) (? for menu, Esc to quit)
Aiming: Confuse (will waste charges)
Press: ? - help, Shift-Dir - straight line, f - two-headed ogre
Aim: a two-headed ogre, wielding a giant club and a giant spiked club (chance to defeat MR: 28%)
Okay, then.
Evoke which item? (* to show all) (? for menu, Esc to quit)
Aiming: Dig
Press: ? - help, Shift-Dir - straight line The rock shatters into small pieces.
This wand has 15 charges left.
A centaur zombie comes into view.
A necrophage comes into view.
The necrophage moves out of view.
A necrophage and a zombie come into view.
The necrophage hits you but does no damage.
Found a blossoming altar of Fedhas.
A worker ant zombie comes into view. 2 necrophages come into view.
Okay, then.
Evoke which item? (* to show all) (? for menu, Esc to quit)
Aiming: Dig
Press: ? - help, Shift-Dir - straight line The rock shatters into small pieces.
This wand has 14 charges left.
The centaur zombie hits you.
* * * LOW HITPOINT WARNING * * *
The two-headed ogre closely misses you. x2
The centaur zombie hits you.
* * * LOW HITPOINT WARNING * * *
The centaur zombie hits you.
You die...

#######.#........#..PP.P .n#.#
........#.##....##..PP_PPn.#.#
.....O....##..(..#.ZPPPPP..#.#
.#######.###.####....PPP...#.###
.# #..# #.#####.n...Z..##...##
.# ##.####.#.# ##.########.###.
!# #...O.....#####.............
.# #...###.#.##..nn.##.........
.. #...#<.....@O##...#.[.......
<. #...#.#...##Z##..##..#..##..
#...#.###.#......#.......#.#
#....................##.##.#
#...........................
#.........#....#.##.###.##.#
#.....###.####.#.##.# #.##.#
##.#.## ### #...##.# #.....
#.#.# ######.###.##.#


You could see a two-headed ogre, 2 necrophages and a centaur zombie.

Vanquished Creatures
  Pikel (D:4)
  2 hippogriffs (D:7)
  A slave (D:3)
  2 orc warriors
  3 ogres
  2 phantoms (D:6)
  A centaur (D:6)
  6 bullfrogs
  A wyvern zombie (D:6)
  2 scorpions
  An electric eel (Bailey)
  4 crimson imps
  The ghost of Nattfarinn the Vexing, a weakling DEEn (D:3)
  2 hounds
  An orc priest (D:7)
  A bullfrog skeleton (D:4)
  2 centaur skeletons (D:5)
  9 worker ants
  3 iguanas
  3 orc wizards (D:6)
  A hound skeleton (D:4)
  5 gnolls
  A worker ant zombie (D:7)
  13 adders
  A howler monkey skeleton (D:4)
  12 oozes (Sewer)
  An adder skeleton (D:4)
  7 worms
  5 dart slugs
  10 leopard geckos
  14 orcs
  10 ball pythons
  20 giant cockroaches
  8 goblins
  6 hobgoblins
  5 jackals
  6 quokkas
  4 bats
  17 frilled lizards
  A jackal skeleton (D:6)
  A jackal zombie (D:6)
  7 kobolds
  7 rats
210 creatures vanquished.

Notes
Turn   | Place    | Note
-------+----------+-------------------------------------------
     0 | D:1      | RKaid the Draconian Fire Elementalist began the quest for the Orb.
     0 | D:1      | Reached XP level 1. HP: 14/14 MP: 3/3
   220 | D:1      | Reached XP level 2. HP: 20/20 MP: 0/5
   960 | D:2      | Reached XP level 3. HP: 26/26 MP: 1/6
  1837 | D:2      | Reached skill level 2 in Conjurations
  1920 | D:2      | Reached skill level 4 in Fire Magic
  1920 | D:2      | Reached XP level 4. HP: 32/33 MP: 3/8
  1965 | D:2      | Learned a level 3 spell: Conjure Flame
  1970 | D:2      | Learned a level 4 spell: Sticky Flame
  2178 | D:3      | Reached skill level 3 in Spellcasting
  2184 | D:3      | Found a glowing drain.
  2205 | Sewer    | Entered a sewer
  2528 | Sewer    | Reached XP level 5. HP: 38/38 MP: 7/9
  3034 | Sewer    | Reached skill level 3 in Conjurations
  3161 | Sewer    | Reached XP level 6. HP: 45/45 MP: 5/11
  3384 | D:3      | Noticed Nattfarinn's ghost (weakling DEEn)
  3395 | D:3      | Killed Nattfarinn's ghost
  3395 | D:3      | Reached skill level 4 in Spellcasting
  3450 | D:3      | Learned a level 5 spell: Fireball
  3481 | D:3      | Found a shadowy altar of Dithmenos.
  3601 | D:3      | Found a hazy altar of Hepliaklqana.
  3653 | D:3      | Noticed an air elemental
  3655 | D:3      | Found a stormy altar of Qazlal.
  3656 | D:3      | Noticed a fire elemental
  3656 | D:3      | Noticed a water elemental
  3711 | D:3      | Reached skill level 5 in Fire Magic
  3926 | D:3      | Found a sacrificial altar of Ru.
  4047 | D:4      | Noticed a slave
  4047 | D:4      | Noticed a slave
  4172 | D:4      | Noticed Pikel
  4172 | D:4      | Noticed a slave
  4172 | D:4      | Noticed a slave
  4187 | D:3      | Killed a slave
  4435 | D:4      | Found a radiant altar of Vehumet.
  4437 | D:4      | Identified Vehumet's Papyrus of Arcane Weapons
  4448 | D:4      | Reached skill level 4 in Conjurations
  4448 | D:4      | Your scales start taking on a pale cyan-grey colour.
  4448 | D:4      | Reached XP level 7. HP: 45/50 MP: 8/13
  4450 | D:4      | Became a worshipper of Vehumet
  4453 | D:4      | Found an ancient bone altar of Kikubaaqudgha.
  4454 | D:4      | Found a deep blue altar of Sif Muna.
  4546 | D:4      | Found Ysaqyij's Antique Weapon Boutique.
  4584 | D:4      | Found an iron altar of Okawaru.
  4635 | D:4      | Reached skill level 6 in Fire Magic
  4700 | D:4      | Bought a faintly glowing scimitar for 162 gold pieces
  4738 | D:4      | Identified the +3 scimitar "Newtbane" {slice, Str+6 Int+4 Dex-5} (You bought it in a shop on level 4 of the Dungeon)
  5154 | D:4      | Killed Pikel
  5154 | D:4      | Reached skill level 5 in Spellcasting
  5154 | D:4      | Reached skill level 5 in Conjurations
  5154 | D:4      | Reached skill level 7 in Fire Magic
  5154 | D:4      | Reached XP level 8. HP: 42/57 MP: 1/16
  5422 | D:5      | Entered Level 5 of the Dungeon
  5463 | D:5      | Found an ancient bone altar of Kikubaaqudgha.
  5553 | D:5      | Found a staircase to the Ecumenical Temple.
  5558 | Temple   | Entered the Ecumenical Temple
  5704 | D:5      | Found Idufaadd's Gadget Shoppe.
  5835 | D:5      | Reached * piety under Vehumet
  5835 | D:5      | Offered knowledge of Sting by Vehumet.
  5888 | D:5      | Found Ehad's Gadget Shoppe.
  5956 | D:5      | Found Ysahidu's Armour Shop.
  6017 | D:5      | Found Opyfod's Gadget Shoppe.
  6310 | D:5      | Reached skill level 6 in Spellcasting
  6310 | D:5      | Reached skill level 6 in Conjurations
  6427 | D:6      | Reached skill level 1 in Fighting
  6490 | D:6      | Reached skill level 8 in Fire Magic
  6527 | D:6      | Reached skill level 2 in Fighting
  6818 | D:6      | Reached XP level 9. HP: 50/68 MP: 11/18
  6954 | D:6      | Reached skill level 3 in Fighting
  6969 | D:6      | Found a shimmering altar of Xom.
  7155 | D:6      | Found Hagorph's Distillery.
  7251 | D:6      | Reached skill level 7 in Conjurations
  7633 | D:6      | Reached skill level 4 in Fighting
  7676 | D:7      | Noticed Joseph
  8052 | D:7      | Found a runed door.
  8100 | D:7      | Reached skill level 9 in Fire Magic
  8192 | D:7      | Offered knowledge of Searing Ray by Vehumet.
  8253 | D:7      | Reached ** piety under Vehumet
  8293 | D:7      | Reached skill level 5 in Fighting
  8324 | D:7      | Noticed a two-headed ogre
  8336 | D:7      | Found a flagged portal.
  8356 | Bailey   | Entered a bailey
  8500 | Bailey   | Found an iron altar of Okawaru.
  8500 | Bailey   | Noticed an orc sorcerer
  8500 | Bailey   | Noticed an orc high priest
  8522 | Bailey   | Noticed an orc knight
  8539 | D:7      | HP: 10/74 [two-headed ogre/giant club (25)]
  8545 | D:7      | Found a blossoming altar of Fedhas.
  8552 | D:7      | HP: 7/74 [centaur zombie (6)]
  8553 | D:7      | HP: 2/74 [centaur zombie (5)]
  8553 | D:7      | Slain by a centaur zombie

Skill      XL: |  1  2  3  4  5  6  7  8  9 |
---------------+----------------------------+-----
Conjurations   | 2 3 4 5 6 7 |  7.8
Fire Magic     | 4 5 7 8 9 |  9.5
Spellcasting   | 3 4 5 6 |  6.0
Fighting       | 2 5 |  5.2
Dodging        | |  1.7
Stealth        | |  1.7

Action                   |  1- 3 |  4- 6 |  7- 9 || total
-------------------------+-------+-------+-------++-------
Melee: Unarmed           |     1 |       |       ||     1
       Dagger            |     3 |       |       ||     3
       Mace              |    16 |    27 |     8 ||    51
       Tailslap          |       |     3 |     7 ||    10
       Scimitar          |       |       |    48 ||    48
 Fire: Blowgun           |       |     7 |     5 ||    12
 Cast: Flame Tongue      |    80 |   141 |   197 ||   418
       Conjure Flame     |       |       |     2 ||     2
       Sticky Flame      |       |       |     9 ||     9
       Fireball          |       |       |     1 ||     1
Evoke: Wand              |       |       |     4 ||     4
  Use: Scroll            |       |     1 |     8 ||     9
 Stab: Sleeping          |       |     2 |       ||     2
  Eat: Chunk             |     4 |     8 |    10 ||    22
       Royal jelly       |       |       |     2 ||     2
       Fruit             |       |       |     1 ||     1
Armor: Skin              |    13 |    24 |    47 ||    84
Dodge: Dodged            |    30 |    32 |    69 ||   131
       Rpst.: Scimitar   |       |       |    25 ||    25

Table legend:
 A = Turns spent in this place as a percentage of turns spent in the entire game.
 B = Non-inter-level travel turns spent in this place as a percentage of non-inter-level travel turns spent in the entire game.
 C = Inter-level travel turns spent in this place as a percentage of turns spent in this place.
 D = Turns resting spent in this place as a percentage of non-inter-level travel turns spent in this place.
 E = Turns spent auto-exploring this place as a percentage of non-inter-level travel turns spent in this place.
 F = Non-inter-level travel turns spent in this place divided by the number of levels of this place that you've seen.
                   A       B       C       D       E      F
               +-------+-------+-------+-------+-------+----------------------
         Total | 100.0 | 100.0 |   0.4 |   9.3 |   6.0 | 273.8
       Dungeon |  80.6 |  80.5 |   0.5 |   7.9 |   6.7 | 315.0
        Temple |   0.5 |   0.4 |   7.7 |   0.0 |  33.3 |  12.0
         Sewer |  14.4 |  14.5 |   0.0 |  18.1 |   2.8 | 397.0
        Bailey |   4.5 |   4.5 |   0.0 |   6.5 |   0.0 | 124.0
               +-------+-------+-------+-------+-------+----------------------

Table legend:
 A = Kills in this place as a percentage of kills in entire the game.
 B = Kills by you in this place as a percentage of kills by you in the entire game.
 C = Kills by friends in this place as a percentage of kills by friends in the entire game.
 D = Other kills in this place as a percentage of other kills in the entire game.
 E = Experience gained in this place as a percentage of experience gained in the entire game.
 F = Experience gained in this place divided by the number of levels of this place that you have seen.
                   A       B       C       D       E      F
               +-------+-------+-------+-------+-------+----------------------
         Total | 100.0 | 100.0 |  -nan |  -nan | 100.0 | 468.3
       Dungeon |  72.2 |  72.2 |  -nan |  -nan |  92.3 | 617.6
         Sewer |  24.9 |  24.9 |  -nan |  -nan |   5.9 | 278.0
        Bailey |   2.9 |   2.9 |  -nan |  -nan |   1.8 |  82.0
               +-------+-------+-------+-------+-------+----------------------
